 Dungeon Crawl Stone Soup version 0.31-a0-1338-gb567cfdca4 (webtiles) character file.

Game seed: 7213399369833666380

207006 Sobieck the Imperceptible (level 18, -6/93 HPs)
             Began as a Spriggan Hunter on Dec 21, 2023.
             Was the Champion of Dithmenos.
             Killed by the air
             ... invoked by a spriggan air mage
              (18 damage)
             ... on level 3 of the Swamp.
             The game lasted 01:08:43 (32384 turns).

Sobieck the Imperceptible (Spriggan Hunter)        Turns: 32384, Time: 01:08:44

Health: -6/93      AC:  7    Str:  7    XL:     18   Next: 8%
Magic:  35/35      EV: 57    Int: 11    God:    Dithmenos [******]
Gold:   863        SH:  0    Dex: 29    Spells: 17/17 levels left

rFire   + . .        a - +4 arbalest (freeze)
rCold   + . .        (shield currently unavailable)
rNeg    . . .        U - +0 robe {rC+ rF+}
rPois   +            M - +2 hat {Stlth+}
rElec   +            z - +2 cloak {rPois}
rCorr   .            (gloves unavailable)
SInv    +            (boots unavailable)
Will    +++..        q - amulet "Norochix" {RegenMP rElec Dex+3 Slay+2} Stlth ##********
                     k - ring of the Hare {EV+10}
HPRegen 0.35/turn    B - ring of magical power
MPRegen 0.64/turn

%: no passive effects
@: mighty, hasted, wreathed by umbra, very quick
A: very small, no large weapons, unfitting armour, see invisible, speed 3
}: 1/15 runes: serpentine
a: Renounce Religion, Shadow Step, Shadow Form


You were on level 3 of the Swamp.
You worshipped Dithmenos.
Dithmenos was exalted by your worship.
You visited 5 branches of the dungeon, and saw 29 of its levels.
You also visited: Sewer and Ossuary.

You collected 3260 gold pieces.
You spent 2397 gold pieces at shops.

Inventory:

Hand Weapons
 a - a +4 arbalest of freezing (weapon)
Missiles
 F - 17 curare-tipped darts
 Z - 7 throwing nets
Armour
 z - a +2 cloak of poison resistance (worn)
 J - the +1 hat "Ehinlur" {rC+ rCorr Stlth-}
   (You found it on level 10 of the Dungeon)

   rC+:       It protects you from cold.
   rCorr:     It protects you from acid and corrosion.
   Stlth-:    It makes you less stealthy.
 M - a +2 hat of stealth (worn)
 U - a +0 robe of resistance (worn)
 W - a scarf of repulsion
Jewellery
 c - an amulet of reflection
 f - a ring of protection from fire
 k - the ring of the Hare (left hand) {EV+10}
   (You bought it in a shop on level 2 of the Orcish Mines)

   [ring of evasion]

   EV+10:     It affects your evasion (+10).
 q - the amulet "Norochix" (around neck) {RegenMP rElec Dex+3 Slay+2}
   (You acquired it on level 2 of the Snake Pit)

   [amulet of magic regeneration]

   RegenMP:   It increases your rate of magic regeneration.
   Dex+3:     It affects your dexterity (+3).
   Slay+2:    It affects your accuracy & damage with ranged weapons and melee
   (+2).
   rElec:     It insulates you from electricity.
 r - an amulet of regeneration
 x - an amulet of guardian spirit
 B - a ring of magical power (right hand)
 C - a +4 ring of protection
 G - an amulet of faith
 O - a ring of ice
 S - a ring of flight
Wands
 l - a wand of polymorph (22)
 A - a wand of mindburst (26)
 D - a wand of digging (14)
 E - a wand of charming (20)
 I - a wand of iceblast (31)
 L - a wand of light (9)
 V - a wand of flame (101)
Scrolls
 b - 3 scrolls of blinking
 d - 4 scrolls of immolation
 m - 3 scrolls of butterflies
 u - 5 scrolls of vulnerability
 y - 2 scrolls of fear
 N - 7 scrolls of poison
 P - 2 scrolls of revelation
 R - 14 scrolls of identify
 T - 14 scrolls of teleportation
 Y - a scroll of silence {!r}
Potions
 e - 5 potions of brilliance
 g - 12 potions of attraction
 h - 5 potions of magic
 i - 5 potions of mutation
 j - 4 potions of lignification
 o - 3 potions of berserk rage
 p - 3 potions of enlightenment
 s - 3 potions of ambrosia
 t - 6 potions of might
 v - 4 potions of resistance
 w - 5 potions of cancellation
 H - 4 potions of haste
 Q - 13 potions of curing
Miscellaneous
 K - a phantom mirror
 X - a lightning rod (4/4)


   Skills:
 + Level 10.0 Fighting
 - Level 18.0 Ranged Weapons
 + Level 21.9 Dodging
 + Level 26.2 Stealth
 + Level 9.4 Invocations


You had 17 spell levels left.
You didn't know any spells.
Your spell library contained the following spells:

 Spells                   Type           Power      Damage    Failure   Level
 Apportation              Tloc           0%         N/A       34%         1
 Sandblast                Erth           0%         2d4       34%         1
 Sting                    Conj/Alch      0%         1d3       34%         1
 Ensorcelled Hibernation  Hex/Ice        0%         N/A       47%         2
 Jinxbite                 Hex            0%         N/A       47%         2
 Mercury Vapours          Alch/Air       0%         N/A       47%         2
 Passwall                 Alch/Erth      0%         N/A       47%         2
 Scorch                   Fire           0%         2d5       47%         2
 Call Canine Familiar     Summ           0%         N/A       71%         3
 Inner Flame              Hex/Fire       0%         N/A       71%         3
 Sigil of Binding         Hex            0%         N/A       71%         3
 Stone Arrow              Conj/Erth      0%         3d7       71%         3
 Swiftness                Air            0%         N/A       71%         3
 Volatile Blastmotes      Fire/Tloc      0%         2d10      71%         3
 Anguish                  Hex/Necr       0%         N/A       98%         4
 Brom's Barrelling Bould  Conj/Erth      0%         2d3       98%         4
 Dimensional Bullseye     Hex/Tloc       0%         N/A       98%         4
 Flame Wave               Conj/Fire      0%         2d4       98%         4
 Fulminant Prism          Conj/Alch      0%         3d5       98%         4
 Iskenderun's Mystic Bla  Conj/Tloc      0%         2d3       98%         4
 Olgreb's Toxic Radiance  Alch           0%         N/A       98%         4
 Passage of Golubria      Tloc           0%         N/A       98%         4
 Alistair's Intoxication  Alch           0%         N/A       100%        5
 Iskenderun's Battlesphe  Conj           0%         2d6       100%        5
 Silence                  Hex/Air        0%         N/A       100%        5
 Bombard                  Conj/Erth      0%         9d1       100%        6
 Summon Cactus Giant      Summ           0%         N/A       100%        6
 Spellforged Servitor     Conj/Summ      0%         N/A       100%        7
 Lehudib's Crystal Spear  Conj/Erth      0%         10d2      100%        8


Dungeon Overview and Level Annotations

Branches:
Dungeon (15/15)            Temple (0/1) D:6            Lair (5/5) D:9
  Swamp (3/4) Lair:2        Snake (4/4) Lair:2        Slime (0/5) Lair:5
    Orc (2/2) D:12            Elf (0/3) Orc:2        Vaults (0/5) D:13
 Depths (0/4) D:15          Sewer (visited)         Ossuary (visited)

Altars:
Cheibriados
Dithmenos
Fedhas
Makhleb
Nemelex Xobeh
Okawaru
Qazlal
Ru
Trog
Uskayaw
Wu Jian
Xom
Yredelemnul
Zin
The Shining One
Jiyva

Shops:
D:3 (([(   D:13 *   D:14 !   Orc:2 (*=?

Portals:
Hell: Lair:5
Pandemonium: Orc:2
Trove: D:11 (give 5 potions of resistance)

Annotations:
D:4 3 runed translucent doors, Sonofthefire's ghost, amateur OpSh
Lair:1 2 transporters, Ofimafed's ghost, journeyman OpSh
Swamp:1 1 runed translucent door, Rualuul's ghost, adept MfBe
Snake:4 1 runed translucent door, MrSquiggles's ghost, adept DsWn


Innate Abilities, Weirdness & Mutations

You are very small and have problems with some larger weapons.
You are too small for most types of armour.
You have supernaturally acute eyesight. (SInv)
You cover ground extremely quickly. (Speed+++)


Message History

The spriggan air mage waves its arms in wide circles.
The air twists around and strikes you!
You shoot a bolt.
The bolt barely misses the spriggan air mage.
The spriggan air mage completely misses you.
You shoot a bolt.
The bolt closely misses the spriggan air mage.
Your shadow shoots a bolt.
The bolt completely misses the spriggan air mage.
You shoot a bolt.
The bolt closely misses the spriggan air mage.
Your shadow shoots a bolt.
The bolt hits the spriggan air mage.
The spriggan air mage completely misses you.
You shoot a bolt. The bolt misses the spriggan air mage.
You shoot a bolt.
The bolt barely misses the spriggan air mage.
The spriggan air mage hits you but does no damage.
You shoot a bolt. The bolt misses the spriggan air mage.
Your shadow shoots a bolt.
The bolt hits the spriggan air mage.
The spriggan air mage waves its arms in wide circles.
The air twists around and strikes you!!
* * * LOW HITPOINT WARNING * * *
You emit a cloud of dark smoke.
You are too injured to fight recklessly!
You are too injured to fight recklessly!
You are too injured to fight recklessly!
You are too injured to fight recklessly!
Okay, then.
Unknown command.
Fire: a) +4 arbalest (freeze)
Press: ? - help, Q - select action Shift-Dir - straight line, f/p - spriggan air mage
Aim: a spriggan air mage, wearing a +0 robe (black smoke, moderately wounded, repelling missiles, umbra, 2% to hit)
You shoot a bolt.
The bolt barely misses the spriggan air mage.
Your shadow shoots a bolt.
The bolt completely misses the spriggan air mage.
Fire: a) +4 arbalest (freeze)
Press: ? - help, Q - select action Shift-Dir - straight line, f/p - spriggan air mage
Aim: a spriggan air mage, wearing a +0 robe (black smoke, moderately wounded, repelling missiles, umbra, 2% to hit)
You shoot a bolt. The bolt misses the spriggan air mage.
The spriggan air mage waves its arms in wide circles.
The air twists around and strikes you!
* * * LOW HITPOINT WARNING * * *
Fire: a) +4 arbalest (freeze)
Press: ? - help, Q - select action Shift-Dir - straight line, f/p - spriggan air mage
Aim: a spriggan air mage, wearing a +0 robe (black smoke, moderately wounded, repelling missiles, umbra, 2% to hit)
You shoot a bolt. The bolt misses the spriggan air mage.
The spriggan air mage waves its arms in wide circles.
The air twists around and strikes you!!
You die...

≈♣~..~♣.~.~~♣♣♣
.♣.♣.~~.~~.~~.♣♣
~...~.♣.....§..♣
..~..♣.....[.~~♣♣
~~..~..#####..~~♣
~~.....#.÷.##..~♣♣♣
~....##.....##§§~§♣
..♣..#...#...#§i§.♣
.♣♣.....###..#.§@♣♣ ♣♣
♣♣...+...#...#§§§§♣♣♣ ♣~♣♣
♣♣...##.....##§§§§§~♣♣♣...♣[♣
♣~...#....##..~~...§♣.~~..~.
♣♣....#####..~.♣~~~...~♣.♣
♣♣†.~.......~~..♣♣~...§♣~♣♣
♣♣.~........~~~.♣~...~.~.~~♣~
♣~~~.>..~.~~~............~..~
♣<..♣♣.~~§~..♣.~.............


You could see a spriggan air mage (repels missiles).

Vanquished Creatures
  Jorgrun (Snake:1)
  Rupert (D:15)
  A tentacled monstrosity (Swamp:3)
  Gastronok (Lair:1)
  A quicksilver dragon (Snake:4)
  Donald (Swamp:1)
  A thorn hunter (Swamp:3)
  5 nagarajas
  A fenstrider witch (Swamp:1)
  An orc warlord (D:13)
  A stone giant (Orc:1)
  4 eleionomae
  3 bunyips
  3 ettins (Orc:1)
  An entropy weaver (shapeshifter) (D:12)
  A fire dragon (D:15)
  5 alligators
  4 salamander tyrants
  A ghost crab (Swamp:1)
  4 vault guards (D:13)
  An ogre mage (D:15)
  3 demonspawn (Orc:2)
  12 hydras
  6 centaur warriors
  4 boulder beetles
  13 anacondas
  Erica (D:8)
  6 two-headed ogres
  5 death yaks
  9 naga warriors
  A titan zombie (Orc:1)
  A deep troll earth mage (D:15)
  10 naga sharpshooters
  A sun demon (Lair:5)
  3 orc high priests
  3 occultists
  3 shock serpents
  A spriggan berserker (Swamp:3)
  A deep elf knight (D:13)
  Sonja (Orc:2)
  3 salamander mystics
  5 skeletal warriors (D:13)
  A skyshark (Lair:3)
  6 goliath frogs
  A death drake (Swamp:2)
  5 sea snakes (Snake:4)
  A bog body (Swamp:3)
  3 swamp dragons
  5 naga ritualists
  A deep elf archer (D:13)
  2 lindwurms
  Pikel (D:8)
  A harpy (shapeshifter) (D:13)
  An arcanist (D:15)
  9 ugly things
  13 mana vipers
  8 orc knights
  A deep elf pyromancer (D:15)
  18 cyclopes
  10 orc sorcerers
  2 will-o-the-wisps (Swamp:2)
  A faun (Lair:5)
  14 salamanders
  2 stone giant zombies (Orc:1)
  2 oklob plants (Lair:5)
  5 elephants (Lair:4)
  4 guardian serpents
  4 kobold blastminers (Orc:1)
  35 black mambas
  17 naga magi
  2 smoke demons
  A torpor snail (Lair:3)
  2 orange demons (Lair:5)
  9 cane toads
  A gargoyle (D:11)
  Jeremiah (D:9)
  Maggie (D:7)
  7 komodo dragons
  An efreet (D:15)
  2 unseen horrors (D:11)
  A kobold demonologist (D:11)
  4 rime drakes
  2 ice devils (Lair:5)
  3 tengu conjurers
  3 red devils
  6 trolls
  3 meliai (D:15)
  2 bloated husks
  6 hornets
  2 polar bears
  Prince Ribbit (D:5)
  A tarantella (shapeshifter) (D:14)
  16 blink frogs
  6 tyrant leeches
  5 slime creatures (D:15)
  5 shadows
  A vampire (D:13)
  4 wraiths
  A wyvern (shapeshifter) (D:14)
  6 spriggans
  3 wyverns
  60 yaks
  Grum (D:8)
  4 basilisks
  A neqoxec (Orc:2)
  4 wargs
  2 humans (D:13)
  8 vampire mosquitoes
  A chaos spawn (Orc:2)
  A steam dragon (D:9)
  13 swamp worms
  35 nagas
  2 acid dragons
  4 hell hounds (Lair:5)
  17 water moccasins
  47 orc warriors
  5 swamp drakes
  An ice beast (D:4)
  A sky beast (D:7)
  21 wolves
  9 ogres
  22 centaurs
  An oni (shapeshifter) (D:15)
  5 boggarts
  A phantom (D:5)
  3 kobold brigands
  Blork the orc (D:4)
  12 bullfrogs
  A cyclops zombie (Orc:1)
  2 scorpions
  A gnoll sergeant (D:10)
  8 wights
  8 howler monkeys
  5 hounds
  A jelly (D:5)
  23 orc priests
  Crazy Yiuf (D:6)
  Ijyb (D:2)
  A sleepcap (D:6)
  2 iguanas
  19 orc wizards
  7 hell rats
  8 mummies (Ossuary)
  8 gnolls
  9 adders
  3 river rats (Sewer)
  A shadow imp (D:7)
  A bombardier beetle (D:3)
  3 white imps
  A worm (D:5)
  A dart slug (D:2)
  82 orcs
  2 bats (D:3)
  6 endoplasms
  6 giant cockroaches
  8 goblins
  10 hobgoblins
  14 jackals
  35 kobolds
  5 quokkas
  11 ball pythons
  5 frilled lizards
  5 hobgoblin zombies (Ossuary)
  3 orc zombies (Ossuary)
  27 rats
1031 creatures vanquished.

Vanquished Creatures (others)
  A spriggan druid (Swamp:2)
  A black mamba (Snake:2)
  A bloated husk (Swamp:2)
  An orc wizard (Orc:1)
  8 foxfires (Swamp:2)
12 creatures vanquished.

Grand Total: 1043 creatures vanquished

Notes
Turn   | Place    | Note
-------+----------+-------------------------------------------
     0 | D:1      | Sobieck the Spriggan Hunter began the quest for the Orb.
     0 | D:1      | Reached XP level 1. HP: 10/10 MP: 2/2
    27 | D:1      | Reached skill level 3 in Dodging
   114 | D:1      | Reached XP level 2. HP: 14/14 MP: 3/3
   402 | D:1      | Found a sacrificial altar of Ru.
   472 | D:1      | Reached XP level 3. HP: 16/18 MP: 4/4
  2007 | D:3      | Found Tuomebb's Assorted Antiques.
  2011 | D:3      | Reached XP level 4. HP: 22/22 MP: 5/5
  2056 | D:3      | Found a shadowy altar of Dithmenos.
  2082 | D:3      | Noticed Ijyb
  2086 | D:3      | Found Qokhlyet's Antique Weapon Boutique.
  2107 | D:3      | Became a worshipper of Dithmenos the Shadowed
  2236 | D:3      | Noticed a scorpion
  2348 | D:2      | Killed Ijyb
  2349 | D:2      | Reached skill level 2 in Stealth
  2448 | D:3      | Found Acaucaw's Weapon Shoppe.
  2544 | D:3      | Found Gishu's Armour Boutique.
  2589 | D:3      | Found Zajyutal's Antique Weapon Shop.
  2775 | D:3      | Killed a scorpion
  2776 | D:3      | Reached skill level 3 in Stealth
  2776 | D:3      | Reached XP level 5. HP: 25/25 MP: 6/6
  2855 | D:4      | Found a glowing drain.
  2881 | D:4      | Found a glowing silver altar of Zin.
  2881 | D:4      | Found a shimmering altar of Xom.
  2881 | D:4      | Noticed an angel
  3131 | Sewer    | Entered a sewer
  3258 | Sewer    | Reached * piety under Dithmenos
  3314 | Sewer    | Reached skill level 4 in Stealth
  3314 | Sewer    | Reached XP level 6. HP: 12/30 MP: 7/7
  3467 | Sewer    | Reached skill level 6 in Dodging
  3683 | Sewer    | Reached ** piety under Dithmenos
  3690 | Sewer    | Reached skill level 6 in Ranged Weapons
  3848 | D:4      | Found a blossoming altar of Fedhas.
  3857 | D:4      | Found a runed translucent gate.
  3857 | D:4      | Found a runed translucent gate.
  3857 | D:4      | Found a runed translucent gate.
  3862 | D:4      | Noticed Sonofthefire's ghost (amateur OpSh)
  3888 | D:4      | Found a glowing golden altar of the Shining One.
  3971 | D:4      | Found a hide-covered altar of Uskayaw.
  3971 | D:4      | Noticed a +0 dagger
  3973 | D:4      | Noticed a +0 hand axe
  4263 | D:4      | Noticed an ice beast
  4280 | D:4      | Killed an ice beast
  4281 | D:4      | Reached skill level 5 in Stealth
  4281 | D:4      | Reached XP level 7. HP: 33/33 MP: 8/8
  4329 | D:3      | Bought a +0 arbalest of electrocution for 184 gold pieces
  4664 | D:5      | Entered Level 5 of the Dungeon
  4736 | D:4      | Reached skill level 6 in Stealth
  4800 | D:5      | Found a sand-covered staircase.
  4805 | Ossuary  | Entered an ossuary
  4854 | Ossuary  | Reached XP level 8. HP: 37/37 MP: 9/9
  4863 | Ossuary  | Reached *** piety under Dithmenos
  5168 | D:5      | Reached skill level 7 in Stealth
  5300 | D:5      | Found a burning altar of Makhleb.
  5403 | D:5      | Noticed Blork the orc
  5448 | D:4      | Killed Blork the orc
  5597 | D:5      | Noticed Prince Ribbit
  5600 | D:5      | Killed Prince Ribbit
  5707 | D:5      | Reached skill level 8 in Stealth
  5838 | D:6      | Found a staircase to the Ecumenical Temple.
  5866 | D:6      | Found a bloodstained altar of Trog.
  5869 | D:6      | Reached skill level 9 in Ranged Weapons
  5964 | D:6      | Found a sparkling altar of Nemelex Xobeh.
  5964 | D:6      | Found an iron altar of Okawaru.
  5997 | D:6      | Reached XP level 9. HP: 39/41 MP: 8/10
  6239 | D:6      | Found a runed translucent door.
  6240 | D:6      | Noticed Crazy Yiuf
  6467 | D:6      | Killed Crazy Yiuf
  6536 | D:6      | Reached skill level 9 in Stealth
  6557 | D:7      | Reached skill level 9 in Dodging
  6912 | D:7      | Reached **** piety under Dithmenos
  7021 | D:7      | Reached skill level 10 in Stealth
  7050 | D:7      | Noticed Maggie
  7077 | D:7      | Killed Maggie
  7911 | D:8      | Noticed Grum
  7917 | D:8      | Killed Grum
  7920 | D:8      | Reached XP level 10. HP: 30/46 MP: 7/11
  8030 | D:8      | Reached skill level 11 in Stealth
  8128 | D:8      | Found a stormy altar of Qazlal.
  8252 | D:8      | Noticed Erica
  8253 | D:8      | Noticed Pikel
  8280 | D:8      | Killed Pikel
  8283 | D:8      | Killed Erica
  8322 | D:8      | Found a snail-covered altar of Cheibriados.
  8335 | D:8      | Reached skill level 12 in Stealth
  8360 | D:8      | Reached skill level 12 in Ranged Weapons
  8368 | D:8      | Reached skill level 13 in Stealth
  8485 | D:8      | Noticed a two-headed ogre
  8500 | D:8      | Killed a two-headed ogre
  8534 | D:8      | Found a sacrificial altar of Ru.
  8935 | D:9      | Reached XP level 11. HP: 51/51 MP: 12/12
  8981 | D:9      | Noticed Jeremiah
  8984 | D:9      | Killed Jeremiah
  9092 | D:9      | Found a staircase to the Lair.
  9096 | D:9      | Reached ***** piety under Dithmenos
  9200 | D:9      | Reached skill level 3 in Fighting
  9267 | D:9      | Noticed a two-headed ogre
  9287 | D:9      | Killed a two-headed ogre
  9568 | D:10     | Entered Level 10 of the Dungeon
  9706 | D:10     | Identified the +1 hat "Ehinlur" {rC+ rCorr Stlth-}
  9728 | D:10     | Reached skill level 14 in Stealth
  9909 | D:10     | Reached skill level 12 in Dodging
  9997 | D:10     | Found an ornate altar of the Wu Jian Council.
 10226 | D:11     | Noticed a two-headed ogre
 10231 | D:11     | Killed a two-headed ogre
 10490 | D:11     | Found a portal to a secret trove of treasure.
 10587 | D:11     | Noticed a white ugly thing
 10590 | D:11     | Killed a white ugly thing
 10639 | D:11     | Reached XP level 12. HP: 58/58 MP: 13/13
 10743 | D:12     | Noticed a boulder beetle
 10752 | D:11     | Reached skill level 15 in Stealth
 10821 | D:12     | Killed a boulder beetle
 11153 | D:12     | Found a staircase to the Orcish Mines.
 11773 | D:13     | Noticed a centaur warrior
 11776 | D:13     | Killed a centaur warrior
 11777 | D:13     | Reached skill level 16 in Stealth
 11894 | D:13     | Noticed an orc warlord
 11894 | D:13     | Noticed a centaur warrior
 11927 | D:13     | Killed a centaur warrior
 12086 | D:13     | Noticed an entropy weaver
 12128 | D:12     | Killed an entropy weaver
 12129 | D:12     | Reached skill level 15 in Ranged Weapons
 12172 | D:13     | Found a basalt altar of Yredelemnul.
 12266 | D:13     | Noticed a centaur warrior
 12274 | D:13     | Noticed a centaur warrior
 12274 | D:13     | Killed a centaur warrior
 12510 | D:13     | Noticed a centaur warrior
 12517 | D:13     | Killed a centaur warrior
 12518 | D:13     | Reached skill level 6 in Fighting
 12518 | D:13     | Reached XP level 13. HP: 61/65 MP: 13/14
 12865 | D:13     | Found Letro's Assorted Antiques.
 13120 | D:13     | Reached skill level 17 in Stealth
 13395 | D:10     | Identified the +1 chain mail of Recklessness {MP-9 Str+4
                  | Stlth+}
 13422 | Lair:1   | Entered Level 1 of the Lair of Beasts
 13531 | Lair:1   | Reached ****** piety under Dithmenos
 13730 | Lair:1   | Noticed Gastronok
 13739 | Lair:1   | Killed Gastronok
 13994 | Lair:1   | Noticed Ofimafed's ghost (journeyman OpSh)
 14004 | Lair:1   | Found a transporter.
 14007 | Lair:1   | Found a transporter.
 14456 | Lair:2   | Reached skill level 15 in Dodging
 14668 | Lair:2   | Found a staircase to the Snake Pit.
 15090 | Lair:2   | Found a staircase to the Swamp.
 15106 | Lair:2   | Reached skill level 18 in Stealth
 15434 | Lair:3   | Found a bloodstained altar of Trog.
 15643 | Lair:3   | Reached XP level 14. HP: 61/70 MP: 15/15
 15684 | Lair:3   | Identified the staff "Xunoizod" {rElec rPois Alchemy}
 16563 | Lair:4   | Found a dark tunnel.
 16749 | Lair:4   | Reached skill level 19 in Stealth
 16838 | Lair:5   | Entered Level 5 of the Lair of Beasts
 17031 | Lair:5   | Found a staircase to the Slime Pits.
 17031 | Lair:5   | Found a viscous altar of Jiyva.
 17240 | Lair:5   | Reached skill level 18 in Ranged Weapons
 17611 | Lair:5   | Found a burning altar of Makhleb.
 17707 | Lair:5   | Reached skill level 20 in Stealth
 17762 | Lair:5   | Found a gateway to Hell.
 18096 | Orc:1    | Entered Level 1 of the Orcish Mines
 18143 | Orc:2    | Entered Level 2 of the Orcish Mines
 18143 | Orc:2    | Noticed Sonja
 18144 | Orc:2    | Killed Sonja
 18514 | Orc:1    | Reached XP level 15. HP: 72/73 MP: 16/16
 18550 | Orc:1    | You fall into a shaft and drop 1 floor!
 18815 | Orc:1    | Reached skill level 21 in Stealth
 18822 | Orc:1    | Reached skill level 18 in Dodging
 19327 | Orc:1    | Identified the +10 great sword "Hoajeoma" {venom, rPois
                  | Int+2}
 19658 | Orc:2    | Found a staircase to the Elven Halls.
 19872 | Orc:2    | Found Vottiuk's Magic Scroll Shop.
 19894 | Orc:2    | Found Roskoipt's General Store.
 19913 | Orc:2    | Bought a scroll of brand weapon for 123 gold pieces
 20393 | Orc:2    | Reached skill level 22 in Stealth
 20633 | Orc:2    | Found Qiestruun's Jewellery Emporium.
 20633 | Orc:2    | Found Nadiag's Antique Weapon Shoppe.
 20642 | Orc:2    | Found a one-way gate leading to the halls of Pandemonium.
 20648 | Orc:2    | Bought the ring of the Hare {EV+10} for 1920 gold pieces
 20648 | Orc:2    | Found the ring of the Hare {EV+10}
 20903 | D:12     | Reached skill level 23 in Stealth
 21006 | D:13     | Found a gate to the Vaults.
 21154 | D:13     | Found an iron altar of Okawaru.
 21274 | D:13     | Reached skill level 1 in Invocations
 22142 | D:14     | Found Xeint's Distillery.
 22147 | D:14     | Bought a potion of resistance for 170 gold pieces
 22291 | D:15     | Entered Level 15 of the Dungeon
 22695 | D:15     | Noticed Rupert
 22699 | D:15     | Killed Rupert
 22700 | D:15     | Reached skill level 3 in Invocations
 22709 | D:15     | Reached XP level 16. HP: 79/79 MP: 19/19
 22760 | D:15     | Found a staircase to the Depths.
 23014 | D:15     | Found a shadowy altar of Dithmenos.
 23463 | Snake:1  | Entered Level 1 of the Snake Pit
 24155 | Snake:1  | Noticed Jorgrun
 24164 | Snake:1  | Killed Jorgrun
 24165 | Snake:1  | Reached skill level 24 in Stealth
 25074 | Snake:2  | Reached skill level 6 in Invocations
 25123 | Snake:2  | Got the Excursus on the Evil Eye
 25331 | Snake:2  | Identified a scroll of acquirement
 25332 | Snake:2  | Acquired the amulet "Norochix" {RegenMP rElec Dex+3 Slay+2}
 26845 | Snake:3  | Reached XP level 17. HP: 86/86 MP: 23/23
 27588 | Snake:4  | Entered Level 4 of the Snake Pit
 27588 | Snake:4  | Noticed MrSquiggles's ghost (adept DsWn)
 27588 | Snake:4  | Found a runed translucent door.
 27635 | Snake:4  | Reached skill level 25 in Stealth
 28256 | Snake:4  | Reached skill level 21 in Dodging
 28464 | Snake:4  | Reached skill level 9 in Fighting
 29346 | Snake:4  | Noticed a quicksilver dragon
 29349 | Snake:4  | Killed a quicksilver dragon
 29469 | Snake:4  | Got a serpentine rune of Zot
 29770 | Swamp:1  | Entered Level 1 of the Swamp
 30163 | Swamp:1  | Noticed Donald
 30175 | Swamp:1  | Killed Donald
 30374 | Swamp:1  | Found a runed translucent door.
 30374 | Swamp:1  | Noticed Rualuul's ghost (adept MfBe)
 31130 | Swamp:2  | Reached skill level 9 in Invocations
 31214 | Swamp:2  | Reached skill level 26 in Stealth
 31584 | Swamp:3  | Noticed a tentacled monstrosity
 31587 | Swamp:3  | Killed a tentacled monstrosity
 31618 | Swamp:3  | Reached XP level 18. HP: 93/93 MP: 25/25
 32384 | Swamp:3  | Killed from afar by a spriggan air mage

Illustrated notes

Levels and vault maps discovered:
D:1:      sevenhm_arrival_forest_fort_small_6, layout_basic, minmay_pentomino_q4
D:2:      layout_loops_corners
D:3:      layout_basic, mainiacjoe_overflow_catwalk, serial_shops,
          nicolae_square_shop, shop, shop_fountains,
          nicolae_shop_bloodbath_and_beyond, nicolae_shop_pleasant_corner_grove,
          grunt_ministairs_13, uniq_ijyb
D:4:      layout_basic, grunt_temple_overflow_order_and_chaos_1,
          nicolae_tso_swordbearing_angel, fedhas_altar_1,
          dancing_weapons_uskayaw, gup_sewer_entry_glass,
          gammafunk_ghost_necromancy
D:5:      layout_gridville, general_overflow_altar, enter_ossuary_2,
          uniq_prince_ribbit1, uniq_blork_the_orc
D:6:      layout_cave_pools, mainiacjoe_overflow_tiny_flanked,
          gammafunk_temple_overflow_wave, minmay_temple_entry_trees,
          serial_column_ruins, column_ruins_grid_2,
          column_ruins_corridor_straight, column_ruins_columns_corner,
          column_ruins_corridor_water, column_ruins_open_medium,
          uniq_crazy_yiuf_cottage
D:7:      layout_cave_pods, centaur_isle, uniq_maggie
D:8:      layout_basic, mainiacjoe_overflow_alcove_1, lemuel_doored_altar,
          nicolae_qazlal_general_emergency, uniq_erica, uniq_grum, uniq_pikel
D:9:      layout_rooms, lair_entry_dummy, uniq_jeremiah
D:10:     layout_gridville, mainiacjoe_overflow_paths, roderic_three_in_a_row
D:11:     layout_gridville, enter_trove_3, minmay_misc_feat_pillars
D:12:     layout_rooms, david_orc_2
D:13:     evilmike_iron_armoury, layout_long_grid, grunt_vaults_entry_fortified,
          serial_shops, nicolae_take_the_stairs, yredelemnul_altar_generic
D:14:     nicolae_BIG_FREAKIN_CUBE, layout_basic, serial_shops, shop
D:15:     hellmonk_depths_entry_around_the_bend, layout_loops_ring,
          nicolae_dithmenos_the_darkroom, kennysheep_crisscross, uniq_rupert
Lair:1:   layout_gridlike, gammafunk_ghost_berserking_beasts, serial_forest,
          infiniplex_forest_straight_4, infiniplex_forest_clump_tiny,
          infiniplex_forest_clump_large, infiniplex_forest_lined_4_way,
          grunt_megastairs_3, uniq_gastronok
Lair:2:   layout_loops_ring, mainiacjoe_swamp_entry_lozenge_pond,
          minmay_snake_entry_guardpost_small
Lair:3:   layout_loops_ring, lemuel_centaur_altar, serial_bayou_shore_b
Lair:4:   layout_big_grid, nicolae_volcano_entry_vermiform
Lair:5:   evil_forest, layout_loops_ring, minmay_slime_entry_oklob_open,
          grunt_forest_large_clearings, infiniplex_staircase_pool_2
Swamp:1:  layout_basic_swamp, hellmonk_ghost_happy_afterlife,
          nicolae_swamp_big_swirl, swamp_pool_5, nicolae_swamp_treefoil,
          uniq_donald
Swamp:2:  layout_falls_marsh, evilmike_swamp_ruin_house_2, swamp_pool_5,
          hangedman_swamp_wriggling
Swamp:3:  layout_basic_swamp, serial_swamp_ruin, evilmike_swamp_ruin_house_3,
          evilmike_swamp_ruin_rubble_1, evilmike_swamp_ruin_house_1,
          swamp_pool_1_2
Snake:1:  layout_gridlike, nicolae_snake_slithery_hallway,
          nicolae_snake_guarding_the_ruins, uniq_jorgrun
Snake:2:  layout_basic
Snake:3:  layout_honeycomb
Snake:4:  hellmonk_snake_rune_quicksilver_temple, layout_misc_corridors,
          gammafunk_ghost_grave, grunt_ministairs_3, nicolae_snake_snake_lake,
          st_stairs_4
Orc:1:    giant_chief_lemuel, layout_diamond_mine, basic_altar
Orc:2:    pf_orc_diabolical, layout_diamond_mine, david_defended_altar_orc,
          uniq_sonja

Skill      XL: |  1  2  3  4  5  6  7  8  9 10 11 12 13 14 15 16 17 18 |
---------------+-------------------------------------------------------+-----
Dodging        | 3 4 5 6 7 8 10 11 12 14 15 17 19 20 21 | 21.9
Ranged Weapons | 5 6 7 9 10 12 13 15 16 18 | 18.0
Stealth        | 3 4 5 6 8 10 13 14 16 18 20 23 24 26 | 26.2
Fighting       | 2 4 6 8 9 10 | 10.0
Invocations    | 3 6 9 |  9.4

Action                     |  1- 3 |  4- 6 |  7- 9 | 10-12 | 13-15 | 16-18 || total
---------------------------+-------+-------+-------+-------+-------+-------++-------
   Fire: Shortbow          |   129 |   285 |       |       |       |       ||   414
         Arbalest          |       |       |   252 |   483 |  1225 |   799 ||  2759
    Use: Scroll            |       |    11 |    11 |     6 |     3 |     9 ||    40
         Potion            |       |       |     1 |     1 |       |     5 ||     7
 Armour: Robe              |    18 |    30 |    32 |    40 |   111 |   108 ||   339
  Dodge: Dodged            |    34 |   101 |   149 |   162 |   693 |   819 ||  1958

Table legend: (Time is in decaauts)
 A = Elapsed time spent in this place.
 B = Non-inter-level travel time spent in this place.
 C = Inter-level travel time spent in this place.
 D = Time resting spent in this place.
 E = Time spent auto-exploring this place.
 F = Levels seen in this place.
 G = Mean time per level.
                   A        B        C        D        E       F      G
               +--------+--------+--------+--------+--------+-----+--------+
         Total |  24855 |  23795 |   1060 |   5237 |  11723 |  31 |  801.8 |
       Dungeon |  11316 |  10698 |    618 |   1670 |   5968 |  15 |  754.4 |
          Lair |   3474 |   3299 |    175 |    393 |   1978 |   5 |  694.8 |
         Swamp |   2354 |   2299 |     55 |    951 |    793 |   3 |  784.7 |
     Snake Pit |   4867 |   4762 |    105 |   1592 |   2089 |   4 | 1216.8 |
  Orcish Mines |   2140 |   2035 |    105 |    504 |    858 |   2 | 1070.0 |
         Sewer |    534 |    534 |      0 |    125 |     35 |   1 |  534.0 |
       Ossuary |    168 |    168 |      0 |      0 |      0 |   1 |  168.0 |
               +--------+--------+--------+--------+--------+-----+--------+

Top non-repeatable levels by time:
 Snake:3: 1649 daAuts
    D:13: 1631 daAuts
 Snake:4: 1373 daAuts
   Orc:2: 1141 daAuts
  Lair:2: 1086 daAuts
 Swamp:2: 1084 daAuts
     D:7: 1012 daAuts
   Orc:1: 998 daAuts
 Swamp:1: 988 daAuts
 Snake:1: 978 daAuts
     D:4: 945 daAuts
    D:12: 878 daAuts
 Snake:2: 865 daAuts
  Lair:5: 832 daAuts
    D:15: 816 daAuts
